AoeStats
← Chaac1706

Arabia

506247284Analyzed
1v1 RM · 20d ago on Sep 12, 2026· 43m 20s· 2 players
Game mode
Random Map
Map size
Tiny (2 player)
Population
200
Speed
Normal
Resources
Standard
Victory
Conquest
Starting age
Dark Age
Ending age
Imperial Age
RankedLock teamsTeams togetherTeam positionsShared explorationLock speedFull tech treeHidden civsTurbo modeCheats
Victory
Defeat
🇨🇴 Muisca · Colombia
1157
+15
🇳🇿 Franks · New Zealand
1143
-15
Number1BestInThailand
10:30 Feudal Age
17:23 Castle Age
16:15 Forging
17:46 Scale Barding Armor
20:03 Husbandry
21:33 Double-Bit Axe
23:56 Chain Barding Armor
26:56 Stone Mining
35:18 Imperial Age
32:59 Town Watch
33:05 Loom
36:29 Fletching
36:43 Town Patrol
37:22 Conscription
36:34 Cavalier
40:18 Iron Casting
40:51 Iron Casting
42:42 Blast Furnace
Chaac1706
4:59 Loom
8:33 Feudal Age
8:50 Champi Runner
9:41 Double-Bit Axe
11:06 Horse Collar
13:04 Scale Mail Armor
12:56 Town Watch
15:49 Wheelbarrow
22:26 Castle Age
21:58 Forging
23:41 Bow Saw
23:32 Heavy Plow
23:00 Pikeman
23:41 Squires
24:30 Chain Mail Armor
27:07 Sanctity
27:33 Fervor
28:27 Hand Cart
30:33 Town Patrol
36:38 Imperial Age
35:40 Gold Mining
35:42 Stone Mining
37:11 Gold Shaft Mining
36:47 Fletching
37:33 Iron Casting
39:17 Plate Mail Armor
38:09 Champi Warrior
38:12 Elite Temple Guard
42:03 Two-Man Saw
41:34 Conscription
41:15 Herbalism
Connection lost

Rejoining the realm…

Still unreachable

The connection could not be restored.

Session expired

The server has moved on; the page needs a fresh start.